 Dungeon Sprint DCSS version 0.17-a0-1404-gb8113a6 (webtiles) character file.

1674 Kidiri the Covert (level 8, -5/36 HPs)
             Began as a Spriggan Enchanter on June 21, 2015.
             Was a Follower of Dithmenos.
             Slain by a centaur warrior (8 damage)
             ... in the Dungeon (Sprint I: "Red Sonja").
             The game lasted 00:03:21 (678 turns).

Kidiri the Covert (Spriggan Enchanter)               Turns: 678, Time: 00:03:21

Health: -5/36      AC:  3    Str:  4    XL:     8   Next: 70%
Magic:  24/24      EV: 26    Int: 17    God:    Dithmenos [*.....]
Gold:   662        SH:  0    Dex: 18    Spells: 5 memorised, 17 levels left

rFire  x . .     SeeInvis +     a - +1 dagger
rCold  + . .     Clarity  .     b - +1 robe
rNeg   . . .     SustAt   .     (shield restricted)
rPois  .         Gourm    .     (helmet restricted)
rElec  .         Spirit   .     (no cloak)
rCorr  .         Warding  .     (gloves unavailable)
rMut   .         NoTele   +     (boots unavailable)
MR     +....                    (no amulet)
Stlth  ++++++++..               (no ring)
                                r - ring of ice

@: wreathed by umbra, very quick, somewhat resistant to hostile enchantments,
extraordinarily stealthy
A: unfitting armour, see invisible, herbivore 3, speed 3, slow metabolism 2
a: Renounce Religion


You were in the Dungeon.
You worshipped Dithmenos.
Dithmenos was aware of your devotion.
You were not hungry.

You visited 1 branch You collected 662 gold pieces.

Inventory:

Hand weapons
 a - a +1 dagger (weapon)
 m - a +0 short sword of venom
 n - a +0 blowgun
Missiles
 o - 8 curare-tipped needles
Armour
 b - a +1 robe (worn)
Jewellery
 r - a ring of ice (left hand)
Magical devices
 k - a wand of confusion (11)
 q - a wand of digging (8)
 s - a wand of draining (6)
Scrolls
 j - a scroll of blinking
 p - a scroll of amnesia {unknown}
Potions
 e - a potion of curing
 f - a potion of heal wounds
 g - a potion of haste
 h - 2 potions of magic
 i - a potion of berserk rage
 l - a potion of flight {unknown}
Books
 c - a book of Maledictions

   Spells                             Type                      Level
   a - Corona                         Hexes                        1
   b - Ensorcelled Hibernation        Hexes/Ice                    2
   c - Confuse                        Hexes                        3
   d - Tukima's Dance                 Hexes                        3
   e - Dazzling Spray                 Conjuration/Hexes            3
Comestibles
 d - a bread ration


   Skills:
 + Level 7.2 Short Blades
 + Level 9.8 Dodging
 * Level 14.3 Stealth
 * Level 11.3 Spellcasting
 + Level 4.1 Conjurations
 + Level 8.7 Hexes
 + Level 5.0 Ice Magic
 + Level 3.4 Invocations


You had 17 spell levels left.
You knew the following spells:

 Your Spells              Type           Power        Failure   Level  Hunger
a - Corona                Hex            #####..      1%          1    None
b - Ensorcelled Hibernat  Hex/Ice        #####.       1%          2    None
c - Confuse               Hex            #####...     1%          3    None
d - Tukima's Dance        Hex            #####...     1%          3    None
e - Dazzling Spray        Conj/Hex       ####....     1%          3    None


Dungeon Overview and Level Annotations

Branches:
Dungeon (1/1)

Altars:
Cheibriados
Dithmenos
Elyvilon
Fedhas
Gozag
Kikubaaqudgha
Makhleb
Nemelex Xobeh
Okawaru
Qazlal
Ru
Sif Muna
Trog
Vehumet
Xom
Yredelemnul
Zin
The Shining One
Jiyva

Shops:
D ::[


Innate Abilities, Weirdness & Mutations

You are tiny and cannot use many weapons and most armour.
You have supernaturally acute eyesight.
You are a herbivore.
You cover ground extremely quickly.
You need consume almost no food.


Message History

Unknown command.
Unknown command.
You see here a leather armour.
You open the door.
A centaur warrior comes into view.
There is an open door here.
You enter the shallow water.
Moving in this stuff is going to be slow.
A centaur warrior comes into view.
Found a potion of heal wounds.
The centaur warrior shouts! x2
The centaur warrior hits you!
The centaur warrior wields a shortbow.
The centaur warrior shoots an arrow.
The arrow hits you!!
Ouch! That really hurt!
* * * LOW HITPOINT WARNING * * *
You see here an arrow.
You hit the centaur warrior.
The centaur warrior is lightly wounded.
The centaur warrior hits you!
You die...

###################
#..'..#.)'..#__#..+
').#..'..#..+..+..#
#####+#####'#__####
####..#...#(####?!#
#__####..##.#§§§§c#
#_..__##+#..+§§§§§+
#_.∩..%+..._#≈§§@c#
#_..._##_.#+##'####
#_____###'#.#§.[.###
#########.####'###.##
.......+...'.....'.∩#
++++####...##########
##.## #+#


You could see 2 centaur warriors.

Vanquished Creatures
  Sonja (D)
  A deep troll (D)
  A slime creature (D)
  Sigmund (D)
  A yak (D)
  An ogre (D)
  A jelly (D)
  Ijyb (D)
8 creatures vanquished.

Notes
Turn   | Place    | Note
--------------------------------------------------------------
     0 | D        | Kidiri the Spriggan Enchanter began the quest for the Orb.
     0 | D        | Reached XP level 1. HP: 9/9 MP: 5/5
     2 | D        | Noticed Ijyb
    56 | D        | Killed Ijyb
    56 | D        | Reached skill level 6 in Stealth
    56 | D        | Reached XP level 2. HP: 5/13 MP: 5/8
    99 | D        | Learned a level 2 spell: Ensorcelled Hibernation
   257 | D        | Noticed an ogre
   268 | D        | Killed an ogre
   268 | D        | Reached skill level 5 in Dodging
   268 | D        | Reached skill level 8 in Stealth
   268 | D        | Reached skill level 5 in Hexes
   268 | D        | Reached skill level 1 in Ice Magic
   268 | D        | Reached XP level 3. HP: 16/16 MP: 0/11
   268 | D        | Reached XP level 4. HP: 21/21 MP: 0/13
   298 | D        | Learned a level 3 spell: Confuse
   302 | D        | Learned a level 3 spell: Tukima's Dance
   306 | D        | Learned a level 3 spell: Dazzling Spray
   371 | D        | Noticed Sigmund
   374 | D        | Killed Sigmund
   374 | D        | Reached skill level 10 in Stealth
   374 | D        | Reached skill level 1 in Conjurations
   374 | D        | Reached XP level 5. HP: 24/24 MP: 14/16
   374 | D        | Reached XP level 6. HP: 28/28 MP: 14/17
   399 | D        | Found a snail-covered altar of Cheibriados.
   399 | D        | Found a shadowy altar of Dithmenos.
   399 | D        | Noticed a slime creature
   400 | D        | Found a viscous altar of Jiyva.
   400 | D        | Found a blossoming altar of Fedhas.
   402 | D        | Killed a slime creature
   402 | D        | Reached skill level 5 in Short Blades
   402 | D        | Reached skill level 11 in Stealth
   404 | D        | Became a worshipper of Dithmenos the Shadowed
   428 | D        | Found a deep blue altar of Sif Muna.
   429 | D        | Noticed a jelly
   430 | D        | Found a radiant altar of Vehumet.
   434 | D        | Killed a jelly
   469 | D        | Found Coiwev's Book Emporium.
   469 | D        | Found a white marble altar of Elyvilon.
   469 | D        | Found a stormy altar of Qazlal.
   469 | D        | Found a burning altar of Makhleb.
   469 | D        | Found a sacrificial altar of Ru.
   469 | D        | Found a basalt altar of Yredelemnul.
   469 | D        | Found a glowing golden altar of the Shining One.
   469 | D        | Found a sparkling altar of Nemelex Xobeh.
   469 | D        | Found a shimmering altar of Xom.
   469 | D        | Found an opulent altar of Gozag.
   469 | D        | Found an ancient bone altar of Kikubaaqudgha.
   469 | D        | Found a glowing silver altar of Zin.
   469 | D        | Noticed a yak
   470 | D        | Found an iron altar of Okawaru.
   471 | D        | Killed a yak
   471 | D        | Reached skill level 12 in Stealth
   471 | D        | Reached XP level 7. HP: 32/32 MP: 21/21
   472 | D        | Found a bloodstained altar of Trog.
   485 | D        | Noticed Sonja
   489 | D        | Killed Sonja
   489 | D        | Reached skill level 13 in Stealth
   489 | D        | Reached skill level 10 in Spellcasting
   489 | D        | Reached XP level 8. HP: 36/36 MP: 21/23
   611 | D        | Found Xaosoada's Book Boutique.
   632 | D        | Noticed a deep troll
   636 | D        | Killed a deep troll
   636 | D        | Reached skill level 14 in Stealth
   636 | D        | Reached skill level 5 in Ice Magic
   646 | D        | Found Gupegad's Armour Emporium.
   674 | D        | Noticed a centaur warrior
   676 | D        | Noticed a centaur warrior
   678 | D        | Slain by a centaur warrior

Vault maps used:
D:        dungeon_sprint_1

Action                   |  1- 3 |  4- 6 |  7- 9 || total
-------------------------+-------+-------+-------++-------
Melee: Dagger            |    17 |     4 |     3 ||    24
 Cast: Ensorcelled Hiber |     3 |       |       ||     3
 Stab: Sleeping          |     2 |     4 |     2 ||     8
